 Dungeon Crawl Stone Soup version 0.29-a0-221-gceb61267dd (webtiles) character file.

Game seed: 18126220803288391256

1608 cyrus the Chopper (level 8, -3/42 HPs)
             Began as a Vine Stalker Fighter on Feb 26, 2022.
             Was an Elder of Nemelex Xobeh.
             Slain by a wyvern (8 damage)
             ... on level 7 of the Dungeon.
             The game lasted 00:12:33 (4910 turns).

cyrus the Chopper (Vine Stalker Fighter)            Turns: 4910, Time: 00:12:34

Health: -3/42      AC: 10    Str: 19    XL:     8   Next: 95%
Magic:  0/9        EV: 11    Int: 16    God:    Nemelex Xobeh [****..]
Gold:   312        SH:  5    Dex: 14    Spells: 7/7 levels left

rFire   . . .      SeeInvis .   a - +0 war axe
rCold   . . .      Faith    .   c - +0 buckler
rNeg    . . .      Spirit   +   o - +0 chain mail
rPois   .          Reflect  .   r - +0 helmet
rElec   .          Harm     .   (no cloak)
rCorr   .          Rampage  .   (no gloves)
Will    +....                   (no boots)
Stlth   ..........              (no amulet)
HPRegen 0.94/turn               h - +4 ring of evasion
MPRegen 0.11/turn               u - +6 ring of intelligence

@: no status effects
A: fangs 3, regeneration 1, magic shield, antimagic bite, no potion heal 2
a: Renounce Religion, Draw Escape, Draw Destruction, Draw Summoning, Triple
Draw, Deal Four


You were on level 7 of the Dungeon.
You worshipped Nemelex Xobeh.
Nemelex Xobeh was greatly pleased with you.
You visited 2 branches of the dungeon, and saw 8 of its levels.

You collected 312 gold pieces.

Inventory:

Hand Weapons
 a - a +0 war axe (weapon)
 y - a +2 trident of distortion
 z - a +0 spear
Missiles
 H - a throwing net (quivered)
Armour
 b - a +0 scale mail
 c - a +0 buckler (worn)
 o - a +0 chain mail (worn)
 r - a +0 helmet (worn)
Jewellery
 h - a +4 ring of evasion (left hand)
 u - a +6 ring of intelligence (right hand)
 x - a ring of ice
 E - the ring "Putuo" {rCorr Str-5 Int+6 Dex-4 Stlth+}
   (You found it on level 5 of the Dungeon)

   [ring of intelligence]

   Str:       It affects your strength (-5).
   Int:       It affects your intelligence (+6).
   Dex:       It affects your dexterity (-4).
   rCorr:     It protects you from acid and corrosion.
   Stlth:     It makes you more stealthy.
Wands
 d - a wand of digging (10)
 D - a wand of flame (16)
Scrolls
 e - 5 scrolls of teleportation {unknown}
 f - 11 scrolls of identify {unknown}
 j - 2 scrolls of amnesia {unknown}
 k - a scroll of fog {unknown}
 l - a scroll of brand weapon {unknown}
 n - 2 scrolls of immolation {unknown}
 q - 2 scrolls of fear {unknown}
 s - a scroll of enchant armour {unknown}
 v - 2 scrolls of magic mapping {unknown}
 B - a scroll of noise {unknown}
 C - a scroll of enchant weapon {unknown}
 F - a scroll of blinking {unknown}
Potions
 g - 3 potions of heal wounds {unknown}
 i - 3 potions of degeneration {unknown}
 m - a potion of brilliance {unknown}
 p - a potion of curing {unknown}
 t - 2 potions of berserk rage {unknown}
 w - 2 potions of lignification {unknown}
 A - a potion of invisibility {unknown}
 G - a potion of magic {unknown}


   Skills:
 + Level 4.8 Fighting
 + Level 7.2 Axes
 + Level 4.7 Armour
 + Level 1.2 Dodging
 + Level 1.6 Stealth
 + Level 3.9 Shields
 + Level 1.0 Evocations


You had 7 spell levels left.
You didn't know any spells.
Your spell library contained the following spells:

 Spells                   Type           Power      Damage    Failure   Level
 Beastly Appendage        Tmut           0%         N/A       98%         1
 Slow                     Hex            0%         N/A       98%         1
 Wereblood                Tmut           0%         N/A       99%         2
 Confusing Touch          Hex            0%         N/A       100%        3
 Spider Form              Tmut/Pois      0%         N/A       100%        3
 Vampiric Draining        Necr           0%         2d6       100%        3


Dungeon Overview and Level Annotations

Branches:
Dungeon (7/15)             Temple (1/1) D:7

Altars:
Ashenzari
Cheibriados
Dithmenos
Elyvilon
Fedhas
Gozag
Hepliaklqana
Makhleb
Nemelex Xobeh
Okawaru
Qazlal
Ru
Sif Muna
Trog
Uskayaw
Vehumet
Wu Jian
Yredelemnul
Zin
The Shining One


Innate Abilities, Weirdness & Mutations

You have razor-sharp teeth.
Your natural rate of healing is unusually fast.
When hurt, damage is shared between your health and your magic reserves.
Your bite disrupts and absorbs the magic of your enemies.
Potions cannot restore your health.


Message History

There is an open door here.
The wyvern hisses angrily.
An orc wizard comes into view. It is wielding a +0 dagger.
An orc comes into view. It is wielding a +0 war axe.
You fail to use your ability.
The orc shouts!
You fail to use your ability.
An orc warrior comes into view. It is wielding a +0 halberd.
An orc comes into view. It is wielding a +0 short sword.
There is an open door here.
Okay, then.
You fail to use your ability.
The orc warrior shouts!
The orc wizard casts a spell.
The orc wizard flickers and vanishes!
Deactivating autopickup; reactivate with Ctrl-A.
The wyvern bites you. The wyvern bites you!
You draw a card...
You have drawn Pain.
Press: ? - help, Shift-Dir - straight line, f - wyvern
Aim: a wyvern The wyvern convulses!
The wyvern bites you!
You draw a card...
You have drawn the Orb.
Press: ? - help, Shift-Dir - straight line, f/p - wyvern
Aim: a wyvern (heavily wounded)
Your orb of destruction hits a rock wall.
The wavering orb of destruction weakly hits the wyvern!
The wyvern is severely wounded.
The wyvern bites you!
Your orb of destruction hits a rock wall.
The wyvern bites you!
* * * LOW HITPOINT WARNING * * *
It's unwise to walk into this.
It's unwise to walk into this.
Your orb of destruction hits a rock wall. x3
The wyvern bites you!
You die...
Your body glows slightly and disappears.

#....##....#.....#
...
#.....#....#o....#
... #.....#
#.....# ...
#....## #{....#
...
#....#######oo...#
...
#....##..○.#.o...#
###
#........○○#.....#
#........☼.lo....#
#...[...○.@#.....#
############.....#
#######


You could see an orc warrior, a wyvern and 2 orcs.

Vanquished Creatures
  A sky beast (D:7)
  2 ice beasts (D:5)
  An ogre (D:5)
  A necrophage (D:7)
  2 centaurs (D:7)
  Blork the orc (D:5)
  A scorpion (D:6)
  A howler monkey (D:5)
  5 hounds
  4 jellies
  7 iguanas
  Ijyb (D:3)
  6 gnolls
  6 adders
  A shadow imp (D:7)
  An ufetubus (D:6)
  4 worms
  A dart slug (D:1)
  3 orcs
  5 endoplasms
  3 giant cockroaches
  3 goblins
  2 hobgoblins
  5 quokkas
  7 ball pythons
  5 bats
  6 frilled lizards
  7 kobolds
  7 rats
99 creatures vanquished.

Vanquished Creatures (collateral kills)
  An ogre (D:4)
  A gnoll shaman (D:4)
  5 gnolls (D:4)
  An orc (D:4)
  A hobgoblin (D:4)
9 creatures vanquished.

Vanquished Creatures (others)
  8 plants (D:1)
  6 withered plants (D:1)
14 creatures vanquished.

Grand Total: 122 creatures vanquished

Notes
Turn   | Place    | Note
-------+----------+-------------------------------------------
     0 | D:1      | cyrus the Vine Stalker Fighter began the quest for the Orb.
     0 | D:1      | Reached XP level 1. HP: 11/11 MP: 2/2
   186 | D:1      | Reached XP level 2. HP: 16/16 MP: 3/3
   392 | D:1      | Found a faded altar of an unknown god.
   408 | D:1      | Prayed at the altar of an unknown god.
   408 | D:1      | Became a worshipper of Nemelex Xobeh the Trickster
   408 | D:1      | Reached * piety under Nemelex Xobeh
   459 | D:1      | Received a gift from Nemelex Xobeh
   465 | D:1      | Reached skill level 2 in Axes
   613 | D:2      | Reached XP level 3. HP: 20/20 MP: 4/4
   919 | D:2      | Identified the +2 mace of cyrus's Death {venom, Str+2}
  1047 | D:2      | Reached ** piety under Nemelex Xobeh
  1444 | D:3      | Noticed Ijyb
  1450 | D:3      | Killed Ijyb
  1451 | D:3      | Gained mutation: Your natural rate of healing is unusually
                  | fast. [Vine Stalker growth]
  1451 | D:3      | Reached XP level 4. HP: 22/24 MP: 5/5
  1502 | D:3      | Found a faded altar of an unknown god.
  1502 | D:3      | Found a sparkling altar of Nemelex Xobeh.
  1512 | D:3      | Received a gift from Nemelex Xobeh
  1513 | D:3      | Found a faded altar of an unknown god.
  1515 | D:3      | Found a glowing golden altar of the Shining One.
  1517 | D:3      | Found a white marble altar of Elyvilon.
  1858 | D:3      | Reached skill level 3 in Axes
  1858 | D:3      | Reached XP level 5. HP: 28/28 MP: 6/6
  2191 | D:4      | Noticed an ogre
  2195 | D:4      | Killed an ogre
  2196 | D:4      | Reached skill level 4 in Axes
  2196 | D:4      | Reached skill level 1 in Stealth
  2196 | D:4      | Reached XP level 6. HP: 32/32 MP: 7/7
  2220 | D:4      | Identified the -1 hand axe of Floods {flame, rF+ rC++}
  2408 | D:4      | Found a basalt altar of Yredelemnul.
  2408 | D:4      | Found a shimmering blue altar of Sif Muna.
  2477 | D:4      | Reached *** piety under Nemelex Xobeh
  2578 | D:4      | Reached skill level 1 in Dodging
  2726 | D:5      | Entered Level 5 of the Dungeon
  2889 | D:5      | Noticed Blork the orc
  2895 | D:5      | Reached XP level 7. HP: 32/36 MP: 6/8
  2899 | D:5      | Killed Blork the orc
  2950 | D:5      | Reached skill level 5 in Axes
  2966 | D:5      | Identified the ring "Putuo" {rCorr Str-5 Int+6 Dex-4
                  | Stlth+}
  3210 | D:5      | Gained mutation: You have razor-sharp teeth. [Vine Stalker
                  | growth]
  3210 | D:5      | Reached XP level 8. HP: 38/42 MP: 6/9
  3724 | D:6      | Reached skill level 6 in Axes
  3900 | D:6      | Received a gift from Nemelex Xobeh
  3929 | D:6      | Reached skill level 1 in Evocations
  4108 | D:6      | Found a snail-covered altar of Cheibriados.
  4161 | D:6      | Reached **** piety under Nemelex Xobeh
  4435 | D:7      | Found a staircase to the Ecumenical Temple.
  4466 | Temple   | Entered the Ecumenical Temple
  4806 | D:7      | Reached skill level 7 in Axes
  4901 | D:7      | Noticed a wyvern
  4910 | D:7      | Slain by a wyvern

Illustrated notes

Levels and vault maps discovered:
D:1:      wander_arrival_peaceful_grave, layout_basic,
          shapermc_ecumenical_altar_flowoftime
D:2:      layout_loops_cross, minmay_misc_feat_chi
D:3:      layout_loops_ring, chequers_temple_overflow_minitemple, uniq_ijyb
D:4:      layout_rooms, grunt_temple_overflow_open, st_stairs_4
D:5:      layout_basic, uniq_blork_the_orc
D:6:      layout_basic, kennysheep_mini
D:7:      layout_gridville, minmay_temple_entry_mini_moons,
          gammafunk_ghost_necromancy, minmay_stone_trees_medium, uniq_joseph
Temple:   eino_temple_water

Skill      XL: |  1  2  3  4  5  6  7  8 |
---------------+-------------------------+-----
Fighting       | 3 4 |  4.8
Shields        | 3 |  3.9
Axes           | 2 3 4 5 7 |  7.2
Armour         | 3 4 |  4.7
Stealth        | 1 |  1.6
Dodging        | 1 |  1.2
Evocations     | 1 |  1.0

Action                   |  1- 3 |  4- 6 |  7- 9 || total
-------------------------+-------+-------+-------++-------
Melee: War axe           |   105 |    87 |   144 ||   336
       Bite              |    22 |    16 |    37 ||    75
Invok: Draw Summoning    |       |     3 |       ||     3
       Draw Destruction  |       |       |     2 ||     2
       Deal Four         |       |       |     1 ||     1
Evoke: Wand              |       |       |     3 ||     3
  Use: Potion            |     1 |       |       ||     1
Armor: Scale mail        |    22 |       |       ||    22
       Chain mail        |     7 |    45 |    62 ||   114
Dodge: Dodged            |    70 |    60 |    87 ||   217
Block: Buckler           |    25 |    25 |    33 ||    83

Table legend: (Time is in decaauts)
 A = Elapsed time spent in this place.
 B = Non-inter-level travel time spent in this place.
 C = Inter-level travel time spent in this place.
 D = Time resting spent in this place.
 E = Time spent auto-exploring this place.
 F = Levels seen in this place.
 G = Mean time per level.
                   A        B        C        D        E       F      G
               +--------+--------+--------+--------+--------+-----+--------+
         Total |   5019 |   4849 |    170 |    248 |   3332 |   8 |  627.4 |
       Dungeon |   4794 |   4638 |    156 |    248 |   3138 |   7 |  684.9 |
        Temple |    224 |    210 |     14 |      0 |    194 |   1 |  224.0 |
               +--------+--------+--------+--------+--------+-----+--------+

Top non-repeatable levels by time:
     D:6: 798 daAuts
     D:2: 794 daAuts
     D:5: 787 daAuts
     D:3: 699 daAuts
     D:4: 664 daAuts
     D:1: 635 daAuts
     D:7: 414 daAuts
  Temple: 224 daAuts
